[Event "*** Titled Tuesday Blitz"]
[Site "Chess.com"]
[Date "2020.10.27"]
[Round "3"]
[White "natelleka"]
[Black "boasovietica"]
[Result "1-0"]
[WhiteElo "2204"]
[BlackElo "2484"]
[TimeControl "180+1"]
[EndTime "10:28:41 PDT"]
[Termination "natelleka won by checkmate"]

1. e4 e5 2. Nf3 Nc6 3. Bb5 a6 4. Ba4 Nf6 5. O-O Be7 6. Re1 b5 7. Bb3 d6 8. c3 O-O 9. h3 Bb7 10.
d4 Nd7 11. Nbd2 exd4 12. cxd4 Bf6 13. Nf1 Na5 14. Bc2 Re8 15. Ng3 g6 16. a4 c5 17.
axb5 axb5 18. dxc5 dxc5 19. Qe2 Qb6 20. Rd1 Ne5 21. Nxe5 Bxe5 22. f4 Bd4+ 23. Kh2 Nc6 24. Rxa8 Bxa8 25. Bd3 c4 26. Bb1 Na5 27. e5 Nb3 28.
Ne4 Bxe4 29. Bxe4 Nxc1 30. Rxc1 Be3 31. Rf1 Rd8 32. Rf3 Bd4 33. Bb1 Qc5 34. Rf1 b4 35.
e6 fxe6 36. Qxe6+ Kg7 37. Re1 Bf6 38. Ba2 b3 39. Bb1 Qd4 40. Re4 Qxb2 41. Rxc4 Rd2 42.
Rc7+ Kh6 43. Be4 Rd1 44. Qxf6 Qf2 45. Qg5# 1-0

[Event "*** Titled Tuesday Blitz"]
[Site "Chess.com"]
[Date "2020.10.27"]
[Round "3"]
[White "HouseOfDurin"]
[Black "GrafLermontov"]
[Result "1-0"]
[WhiteElo "2177"]
[BlackElo "2480"]
[TimeControl "180+1"]
[EndTime "10:28:41 PDT"]
[Termination "HouseOfDurin won by resignation"]

1. d4 Nf6 2. Bg5 b6 3. Bxf6 exf6 4. c4 Bb7 5. Nc3 f5 6. d5 d6 7. g3 Nd7 8. Bg2 g6 9. e3 Bg7 10. Nge2 O-O 11. O-O Nf6 12. Nd4 a6 13. Rb1 Qe7 14. Qd3 Rfe8 15. Nc6 Bxc6 16. dxc6 h5 17. h4 Qe5 18. Nd5 Nxd5 19. Bxd5 a5 20. a4 Re7 21.
Kg2 Rae8 22. b4 axb4 23. Rxb4 Bh6 24. Rb5 Qf6 25. a5 bxa5 26. Rxa5 g5 27. hxg5 Qxg5 28. Bf3 Re5 29. Rxe5 dxe5 30. Qd7 Re7 31. Qc8+ Kg7 32. Rh1 f4 33. exf4 exf4 34. Rxh5 Qg6 35. Qg4 fxg3 36.
Qxg3 Qxg3+ 37. Kxg3 Kg6 38. Rd5 Bg5 39. Rd7 f5 40. Bd5 Rxd7 41. cxd7 Bd8 42. c5 Kg5 43. c6 f4+ 44. Kf3 Bf6 45. Ke4 Bd8 46. f3 Bf6 47. Be6 Be7 48. Kd5 Kf6 49. Bg4 Bd8 50. Kc5 Ke5 51. Bh5 Be7+ 52. Kb5 Bd8 53. Bg6 Kd6 54. Be4 Ke7 55. Ka6 Kf8 56. Kb7 Ke7 57. Kc8 1-0

[Event "*** Titled Tuesday Blitz"]
[Site "Chess.com"]
[Date "2020.10.27"]
[Round "3"]
[White "WPWPWP-2015"]
[Black "midedu"]
[Result "1-0"]
[WhiteElo "2479"]
[BlackElo "2002"]
[TimeControl "180+1"]
[EndTime "10:28:42 PDT"]
[Termination "WPWPWP-2015 won on time"]

1. e4 c5 2. Nf3 Nc6 3. d4 cxd4 4. Nxd4 Nf6 5. Nc3 Qb6 6. Nb3 e6 7. Be3 Qc7 8. Be2 a6 9. O-O b5 10. a3 Be7 11. f4 d6 12. Bf3 Rb8 13. Kh1 O-O 14.
Qe1 b4 15. Nb1 e5 16. f5 Rd8 17. N1d2 bxa3 18. bxa3 d5 19. Be2 dxe4 20. c3 Na5 21. Nxa5 Qxa5 22. Nc4 Qc7 23. Nxe5 Bd6 24. Ng4 Nxg4 25.
Bxg4 f6 26. Rd1 Bxa3 27. Bf4 Bd6 28. Qxe4 Bxf4 29. Rxd8+ Qxd8 30. Qxf4 Rb2 31. Qc4+ Kh8 32. Rd1 Qe8 33. Qe4 Qf8 34. Bf3 Bb7 35. Qf4 Bxf3 36. Qxf3 h6 37. h3 Qe8 38. Qg4 a5 39. Ra1 Rc2 40. Qg3 a4 41. Qd3 Rb2 42. c4 Rb3 43. Qc2 Kh7 44. c5 Qc6 45. Rc1 Rxh3+ 46. Kg1 1-0

[Event "*** Titled Tuesday Blitz"]
[Site "Chess.com"]
[Date "2020.10.27"]
[Round "3"]
[White "ajian"]
[Black "Klavdia_Nik"]
[Result "1-0"]
[WhiteElo "2349"]
[BlackElo "2073"]
[TimeControl "180+1"]
[EndTime "10:28:42 PDT"]
[Termination "ajian won on time"]

1. d4 Nf6 2. c4 c5 3. d5 b5 4. cxb5 a6 5. bxa6 Bxa6 6. Nc3 d6 7. g3 g6 8. Bg2 Bg7 9. Nf3 O-O 10. O-O Nbd7 11. Rb1 Qa5 12. Bd2 Rfb8 13. Qc2 Ra7 14. b3 Qc7 15. Rfc1 Ng4 16. Ne4 Bxe2 17. Bg5 Bxf3 18. Bxf3 Nge5 19. Bg2 f6 20. Be3 Nf8 21. h3 Qa5 22. a4 Rab7 23. Bd2 Qa6 24. f4 Ned7 25. Bf1 Qa7 26. Be3 Nb6 27. Nd2 Rc7 28. Bg2 Qa6 29. Nc4 Nxc4 30. Qxc4 Qxc4 31. Rxc4 Rcb7 32. Rc3 f5 33. Rd3 Nd7 34. a5 Rb5 35.
Bd2 Ra8 36. Re3 Bd4 37. Kh2 Bxe3 38. Bxe3 Rbxa5 39. Rd1 Ra1 40. Rd2 Rb8 41. Re2 Rb1 42. Bd2 Kf7 43. Bc3 Nf6 44. Be1 1-0

[Event "*** Titled Tuesday Blitz"]
[Site "Chess.com"]
[Date "2020.10.27"]
[Round "3"]
[White "azikom"]
[Black "infinitegiantkiller"]
[Result "0-1"]
[WhiteElo "2596"]
[BlackElo "2418"]
[TimeControl "180+1"]
[EndTime "10:28:43 PDT"]
[Termination "infinitegiantkiller won on time"]

1. e4 e6 2. Nc3 d5 3. d4 Nf6 4. exd5 exd5 5. Bg5 Be7 6. Qd2 O-O 7. O-O-O Nc6 8.
Kb1 Ne4 9. Nxe4 dxe4 10. h4 Bg4 11. Be2 Bxe2 12. Nxe2 f6 13. Bf4 f5 14. d5 Nb8 15. Qc3 Bd6 16. Qb3 Bxf4 17. Nxf4 Qd6 18. Ne6 Rc8 19. Qxb7 Nd7 20. Qb3 Rab8 21. Qc3 Qe5 22.
Qxe5 Nxe5 23. b3 Kf7 24. Rhe1 Kf6 25. Nf4 g6 26. d6 cxd6 27. Rxd6+ Kf7 28. Ra6 Rb7 29.
Rd1 Rbc7 30. c4 Rb7 31. Ka1 Ng4 32. Rd2 e3 33. fxe3 Nxe3 34. Rd3 Nc2+ 35. Kb2 Nb4 36. Ra5 Nxd3+ 37. Nxd3 Re8 38. Kc3 Re2 39. b4 Rxg2 40.
c5 Rh2 41. c6 Rc7 42. b5 Rxh4 43. Ra6 Ke7 44. a4 Kd6 45. Nb2 Re4 46. Nc4+ Kc5 47.
Nb2 h5 48. Nd3+ Kd6 0-1

[Event "*** Titled Tuesday Blitz"]
[Site "Chess.com"]
[Date "2020.10.27"]
[Round "3"]
[White "Aygehovit1992"]
[Black "vladislavkovalev"]
[Result "0-1"]
[WhiteElo "2651"]
[BlackElo "2845"]
[TimeControl "180+1"]
[EndTime "10:28:44 PDT"]
[Termination "vladislavkovalev won by resignation"]

1. Nf3 Nf6 2. b3 g6 3. Bb2 Bg7 4. g3 O-O 5. Bg2 c5 6. O-O d5 7. e3 Nc6 8. Ne5 Bd7 9. Nxd7 Qxd7 10. d3 e6 11. Nd2 Nh5 12. Bxg7 Nxg7 13. f4 Nf5 14. Qe2 d4 15. Bxc6 Qxc6 16. Nc4 dxe3 17. Nxe3 Nxe3 18. Qxe3 Rad8 19. Rae1 h5 20. Qf3 Rd5 21.
Kg2 Rfd8 22. Re5 Qc7 23. Rfe1 b5 24. Rxd5 Rxd5 25. Re4 b4 26. Rc4 Qd6 27. Qe4 a5 28.
Qe3 Kg7 29. Qe4 Rd4 30. Qe3 Qd5+ 31. Qf3 Rxc4 32. bxc4 Qd4 33. Qe2 Qb2 34. Qe5+ Qxe5 35. fxe5 f6 36. exf6+ Kxf6 37. Kf3 Ke5 38. Ke3 g5 39. h3 a4 40. g4 h4 41. d4+ cxd4+ 42. Kd3 a3 43. c5 Kd5 44. c6 Kxc6 45. Kxd4 Kb5 46. Ke5 Kc4 47. Kf6 Kc3 48. Kxg5 Kxc2 0-1

[Event "*** Titled Tuesday Blitz"]
[Site "Chess.com"]
[Date "2020.10.27"]
[Round "3"]
[White "baki83"]
[Black "GothamChess"]
[Result "0-1"]
[WhiteElo "2794"]
[BlackElo "2616"]
[TimeControl "180+1"]
[EndTime "10:28:44 PDT"]
[Termination "GothamChess won by resignation"]

1. e4 c6 2. Nf3 d5 3. Nc3 a6 4. d4 Bg4 5. h3 Bxf3 6. Qxf3 e6 7.
Bd3 Nf6 8. e5 Nfd7 9. Ne2 c5 10.
c3 Nc6 11. O-O Be7 12. a3 b5 13. Be3 Ncxe5 14. dxe5 Nxe5 15. Qg3 Nxd3 16. Qxg7 Bf6 17.
Qh6 Nxb2 18. Bxc5 Rc8 19. Bd4 e5 20. Be3 Nc4 21. Rad1 Rc6 22. Kh1 Qd7 23. Qh5 Nxa3 24. Ng3 Nc4 25. Nf5 Kd8 26. Nh6 Rf8 27. Qf3 e4 28.
Qh5 Be5 29. Bd4 f5 30. Qg5+ Kc8 31. Qh5 Qe6 32. Be3 f4 33. Bxf4 Rxf4 34. Ng4 Rf7 35. f3 e3 36. Rfe1 Bxc3 37. Re2 d4 38. Rd3 b4 39.
Rd1 b3 40. Qg5 b2 41. Qg8+ Kb7 42. Rb1 Rfc7 43. Rc2 Qxg8 44. f4 e2 45. Rxe2 Na3 46. Rd1 b1=Q 47. Rxb1+ Nxb1 48. Ne5 Re6 49. Kh2 d3 50. Re3 Bxe5 51. fxe5 Qd8 52. Rg3 Rxe5 53. Rg4 Rd5 54. h4 Qd6+ 55. Kh3 Rd4 0-1

[Event "*** Titled Tuesday Blitz"]
[Site "Chess.com"]
[Date "2020.10.27"]
[Round "3"]
[White "Titus369"]
[Black "BocharovD"]
[Result "1-0"]
[WhiteElo "2526"]
[BlackElo "2759"]
[TimeControl "180+1"]
[EndTime "10:28:45 PDT"]
[Termination "Titus369 won on time"]

1. e4 c5 2. Nf3 d6 3. d4 cxd4 4. Nxd4 Nf6 5. Nc3 a6 6. h3 e5 7. Nde2 b5 8. g4 b4 9. Nd5 Nxd5 10. Qxd5 Ra7 11. Bg2 Be7 12. Be3 Be6 13. Qd2 Rb7 14.
f4 Bh4+ 15. Bf2 Bxf2+ 16. Kxf2 O-O 17. f5 Bc4 18. Ng3 Nc6 19. h4 Nd4 20. Kg1 Qb6 21. Kh2 a5 22. g5 Rc8 23. c3 bxc3 24. bxc3 Nb5 25. Rab1 a4 26. Rb4 Rbc7 27. Rxa4 Qc5 28. Rb4 d5 29. exd5 Nd6 30. Re1 Ba6 31. Rxe5 Nc4 32.
Rxc4 Qxc4 33. d6 Qxh4+ 34. Bh3 Bf1 35. Nxf1 Rd7 36. Ng3 Qa4 37. f6 Rcd8 38. Bxd7 Qxd7 39. Nf5 Qa4 40. fxg7 Rb8 41. Nh6+ Kxg7 42. Qd4 Rb2+ 43. Re2+ Qxd4 44. Nf5+ 1-0

[Event "*** Titled Tuesday Blitz"]
[Site "Chess.com"]
[Date "2020.10.27"]
[Round "3"]
[White "IMprovidence"]
[Black "Guenplen"]
[Result "0-1"]
[WhiteElo "2456"]
[BlackElo "2838"]
[TimeControl "180+1"]
[EndTime "10:28:45 PDT"]
[Termination "Guenplen won by checkmate"]

1. c4 e6 2. g3 d5 3. Bg2 Nf6 4. Nf3 Be7 5. O-O O-O 6. d4 Nbd7 7.
Qc2 c6 8. Rd1 b6 9. Nc3 Bb7 10.
Bf4 dxc4 11. e4 b5 12. a4 a6 13. Ne5 h6 14. d5 Nxe5 15. Bxe5 cxd5 16. axb5 axb5 17.
Rxa8 Qxa8 18. exd5 Nxd5 19. Nxb5 Nb4 20. Bxb7 Qxb7 21. Qxc4 Nd5 22. Nc3 Nf6 23. Qe2 Rc8 24. h3 Qb3 25. Rd2 Qb7 26. Kh2 Ra8 27. f4 Bb4 28. Qg2 Qxg2+ 29. Kxg2 Nd5 30. Re2 Bxc3 31. Bxc3 Rb8 32. Be5 Rb3 33. Kf2 f6 34. Bd4 Kf7 35.
Rd2 h5 36. h4 Ne7 37. Bc3 Nd5 38. Rc2 Kg6 39. Ke2 Kf5 40. Kd3 Rb7 41. Kd4 Kg4 42. Be1 Ne7 43. b4 Nf5+ 44. Kc3 Ne3 45.
Re2 Nd5+ 46. Kb3 Rb6 47. Ka4 Kf3 48. Rc2 Ra6+ 49. Kb5 Ra1 50. Kc5 Rxe1 51. b5 Rb1 52. Ra2 Kxg3 53. Ra3+ Kxf4 54. Ra6 Ke5 55. Ra5 Rc1# 0-1

[Event "*** Titled Tuesday Blitz"]
[Site "Chess.com"]
[Date "2020.10.27"]
[Round "3"]
[White "MaxLeto"]
[Black "Zhani-Z"]
[Result "1-0"]
[WhiteElo "2340"]
[BlackElo "2528"]
[TimeControl "180+1"]
[EndTime "10:28:45 PDT"]
[Termination "MaxLeto won on time"]

1. g4 d5 2. Bg2 c6 3. g5 e5 4.
d4 exd4 5. Qxd4 Be6 6. Nc3 Nd7 7. Bf4 Ne7 8. O-O-O Qa5 9. e4 c5 10. Qa4 Qxa4 11. Nxa4 d4 12. c3 b5 13. Nxc5 Nxc5 14.
cxd4 Ng6 15. Bg3 Na4 16. d5 Bd7 17. f4 h5 18. h4 Bc5 19. Kb1 Be3 20. Rf1 Bg4 21.
f5 Ne7 22. f6 gxf6 23. gxf6 Ng6 24. e5 O-O 25. Nf3 Rfe8 26. e6 Rad8 27. Ng5 Bxg5 28.
hxg5 Nc5 29. e7 Rd7 30. d6 Ne6 31. Bc6 Nc5 32. Bxb5 a6 33. Bc6 Rc8 34. Bxd7 Bxd7 35. Rc1 Bf5+ 36. Ka1 Bd7 37. Bf2 Nb7 38. Rxc8+ Bxc8 39. Rxh5 Nxd6 40. Rh1 Be6 41. Rd1 Ne5 42. Rxd6 Kh7 43.
e8=Q 1-0

[Event "*** Titled Tuesday Blitz"]
[Site "Chess.com"]
[Date "2020.10.27"]
[Round "3"]
[White "paulrusan"]
[Black "Th3_Hound"]
[Result "0-1"]
[WhiteElo "2213"]
[BlackElo "2507"]
[TimeControl "180+1"]
[EndTime "10:28:45 PDT"]
[Termination "Th3_Hound won on time"]

1. e4 e5 2. Nf3 Nc6 3. Bc4 Bc5 4. b4 Bxb4 5. c3 Be7 6. d4 Na5 7. Be2 d6 8. Qa4+ c6 9. dxe5 dxe5 10. Nxe5 Nf6 11. O-O O-O 12. Bf4 b5 13. Qc2 Be6 14. Rd1 Qb6 15. Nd2 Rad8 16. a4 Nb7 17. axb5 cxb5 18.
Rdb1 a6 19. c4 b4 20. c5 Nxc5 21. Ndc4 Qb7 22. f3 Nfd7 23. Na5 Qb6 24. Nec4 Bxc4 25. Nxc4 Qc6 26. Na5 Qb6 27. Nc4 Qg6 28. Ne3 Bf6 29. Ra5 Bd4 30. Kh1 b3 31. Qc4 Ne6 32. Nd5 Kh8 33.
Bg3 Ne5 34. Qxb3 Rc8 35. Rxa6 Nc5 36. Ne7 Qg5 37. Nxc8 Nxb3 38. Nd6 h6 39. Nf5 Qd2 40. Bf1 Nc1 41. Nxd4 Qd1 42. Kg1 Qxd4+ 43. Kh1 Qd1 44. Kg1 Ne2+ 45. Kf2 Qxb1 46. Bxe2 Nd3+ 47. Ke3 Nc5 48. Rc6 Qc1+ 49. Kf2 Nd3+ 50. Bxd3 Qxc6 51.
Bf4 Rd8 0-1

[Event "*** Titled Tuesday Blitz"]
[Site "Chess.com"]
[Date "2020.10.27"]
[Round "3"]
[White "pastouche06"]
[Black "northridgehawk"]
[Result "1-0"]
[WhiteElo "2487"]
[BlackElo "2249"]
[TimeControl "180+1"]
[EndTime "10:28:46 PDT"]
[Termination "pastouche06 won by resignation"]

1. d4 Nf6 2. c4 g6 3. f3 d5 4.
cxd5 Nxd5 5. e4 Nb6 6. Nc3 Bg7 7. Be3 O-O 8. Qd2 Nc6 9. O-O-O f5 10. e5 Nb4 11. h4 Be6 12. Kb1 a5 13. Nh3 c6 14. Bh6 N6d5 15. Bxg7 Kxg7 16. Nf4 Nxc3+ 17. bxc3 Bxa2+ 18. Ka1 Bb3 19. Rb1 Nc2+ 20. Kb2 a4 21. h5 g5 22. Nd3 h6 23. Nc5 Qd5 24. c4 Qd8 25. Ne6+ Kf7 26. Nxd8+ Rfxd8 27. d5 cxd5 28. cxd5 Rac8 29. d6 Rc6 30. e6+ Bxe6 31. Qxc2 a3+ 32. Kc1 a2 33. Ra1 Rdxd6 34. Be2 Bb3 35. Qxc6 Rxc6+ 36. Kb2 Be6 37. Rhc1 Rb6+ 38. Kc3 Rc6+ 39. Kb4 Rb6+ 40.
Ka5 Rb2 41. Bc4 Rxg2 42. Bxe6+ Kxe6 43. Rc7 Rf2 44. Rxb7 g4 45. fxg4 fxg4 46. Rb6+ Kf5 47. Rxh6 g3 48. Rg6 g2 49. Rg8 Rf1 50. Rxf1+ gxf1=Q 51. Rf8+ Kg5 52. Rxf1 Kxh5 53. Kb4 e5 54. Kc3 Kg4 55.
Kd2 e4 56. Ke3 a1=Q 57. Rxa1 1-0

[Event "*** Titled Tuesday Blitz"]
[Site "Chess.com"]
[Date "2020.10.27"]
[Round "3"]
[White "Pultis"]
[Black "Sanan_Sjugirov"]
[Result "0-1"]
[WhiteElo "2711"]
[BlackElo "2936"]
[TimeControl "180+1"]
[EndTime "10:28:47 PDT"]
[Termination "Sanan_Sjugirov won by resignation"]

1. d4 Nf6 2. Nf3 e6 3. Nbd2 d5 4. e3 b6 5. b3 Bb7 6. Bb2 Bd6 7. Bd3 O-O 8. Qe2 Ne4 9. a3 Nd7 10. O-O f5 11. c4 Qe7 12. b4 Nxd2 13. Nxd2 dxc4 14.
Nxc4 Nf6 15. f3 Kh8 16. Nxd6 cxd6 17. e4 fxe4 18. fxe4 d5 19. e5 Ne4 20. Rxf8+ Rxf8 21. Rf1 Kg8 22. Qe3 Rxf1+ 23. Bxf1 Bc6 24. b5 Be8 25. a4 Qb4 26. Ba3 Qxa4 27. Qd3 h6 28. h3 Bg6 29.
Kh2 Kh7 30. Qe3 Qd1 31. Be2 Qe1 32. Bc1 Nf2 33. Bf3 Qh1+ 34. Kg3 Ne4+ 35. Kh4 Qf1 36. Bd2 Ng5 37. Kg3 Be4 38. Kh2 Bxf3 39. gxf3 Nxf3+ 40. Kg3 Ng5 41. h4 Qh3+ 42. Kf2 Qxh4+ 43. Ke2 Qe4 44. Kd1 Qxe3 45. Bxe3 Ne4 46. Kc2 g5 47. Bd2 Kg6 48. Bb4 g4 49. Bd6 g3 50. Bb8 g2 51.
Bxa7 g1=Q 0-1

[Event "*** Titled Tuesday Blitz"]
[Site "Chess.com"]
[Date "2020.10.27"]
[Round "3"]
[White "Aleksey_Sorokin"]
[Black "Legendinunknown"]
[Result "1-0"]
[WhiteElo "2841"]
[BlackElo "2649"]
[TimeControl "180+1"]
[EndTime "10:28:47 PDT"]
[Termination "Aleksey_Sorokin won by resignation"]

1. d4 Nf6 2. c4 e5 3. dxe5 Ng4 4. Bf4 Nc6 5. Nf3 Bb4+ 6. Nbd2 Qe7 7. e3 Ngxe5 8.
Nxe5 Nxe5 9. Be2 O-O 10. O-O b6 11. Nb3 Bd6 12. Nd4 Bb7 13. Nf5 Qf6 14. Nxd6 cxd6 15.
Qd4 Rfe8 16. Rad1 Qg6 17. f3 Re6 18. e4 Bc6 19. Bg3 f5 20. Qd2 Rf8 21. Bxe5 dxe5 22. exf5 Qxf5 23. Bd3 Qf4 24. Be4 Qxd2 25. Rxd2 Bxe4 26.
fxe4 Rxf1+ 27. Kxf1 d6 28. Ke2 Kf8 29. Rd3 Ke7 30.
Ra3 a5 31. Rb3 Rh6 32. h3 Rg6 33. g4 h5 34. gxh5 Rg2+ 35. Kf3 Rc2 36. Rxb6 Rxc4 37. b3 Rc2 38. a4 Rb2 39. Kg4 Ke6 40. Rb7 Kf6 41.
Rb6 Rd2 42. Rb5 Rd4 43. Kf3 Kg5 44. Ke3 Kxh5 45. Rxa5 Rd1 46. Rd5 Rb1 47. Rd3 Kh4 48. a5 g5 49. a6 g4 50. hxg4 Kxg4 51. Kd2 Kf4 52. Kc2 Ra1 53. Rxd6 Kxe4 54. b4 Kf3 55. Kb2 e4 56. Kxa1 1-0

[Event "*** Titled Tuesday Blitz"]
[Site "Chess.com"]
[Date "2020.10.27"]
[Round "3"]
[White "Genghis_K"]
[Black "Joshukid"]
[Result "0-1"]
[WhiteElo "2870"]
[BlackElo "2697"]
[TimeControl "180+1"]
[EndTime "10:28:48 PDT"]
[Termination "Joshukid won by resignation"]

1. e4 g6 2. d4 Bg7 3. Nc3 d5 4. exd5 Nf6 5. Nf3 O-O 6. Bc4 Nbd7 7. O-O Nb6 8. Bb3 a5 9. a4 Nbxd5 10. Nxd5 Nxd5 11.
c3 Bg4 12. h3 Bxf3 13. Qxf3 e6 14. Re1 c6 15. g3 Re8 16. h4 h5 17. Kg2 Rc8 18.
Re2 Qb6 19. Bc4 Qc7 20. Bg5 b6 21. Rae1 Qd7 22. Bb3 Rb8 23. g4 hxg4 24. Qxg4 c5 25. h5 gxh5 26. Qxh5 cxd4 27. cxd4 b5 28. Bc2 f5 29.
Bxf5 Qb7 30. Qh7+ Kf8 31. Be4 Qd7 32. Re3 Nxe3+ 33. Rxe3 Re7 34. Bxe7+ Qxe7 35. Bg6 Bf6 36.
Qh6+ Qg7 37. Qh5 Ke7 38. Rg3 Bxd4 39. Be4 Qe5 40. Qh7+ Kd6 41. axb5 Rh8 42. Qg6 Qf4 43. Bf3 Qd2 44. Be2 Qxe2 45. Rf3 Rh2+ 46. Kxh2 Qxf3 47. Qg2 Be5+ 48. Kg1 Qxg2+ 49. Kxg2 Bxb2 0-1

[Event "*** Titled Tuesday Blitz"]
[Site "Chess.com"]
[Date "2020.10.27"]
[Round "3"]
[White "BikingBrian"]
[Black "WuinaterJr"]
[Result "1/2-1/2"]
[WhiteElo "2270"]
[BlackElo "2512"]
[TimeControl "180+1"]
[EndTime "10:28:48 PDT"]
[Termination "Game drawn - insufficient material"]

1. d4 Nf6 2. Bg5 e6 3. Nd2 h6 4.
Bh4 c5 5. e3 Nc6 6. c3 d5 7.
Bd3 b6 8. f4 Be7 9. Ngf3 a5 10.
Ne5 Nxe5 11. fxe5 Nd7 12. Bxe7 Qxe7 13. Qg4 O-O 14. O-O f5 15. exf6 Rxf6 16. Rxf6 Nxf6 17.
Qg6 Qf7 18. Qxf7+ Kxf7 19. Rf1 Ke7 20. e4 Ba6 21. Bxa6 Rxa6 22. e5 Nd7 23. Nf3 Ra8 24.
Nh4 cxd4 25. Ng6+ Ke8 26. cxd4 Rc8 27. Nh8 Rc2 28. Nf7 Rxb2 29. Nd6+ Kd8 30. Rc1 Nxe5 31. dxe5 Rxa2 32. Rc8+ Kd7 33. Rb8 Rb2 34. Rb7+ Kc6 35.
Rxg7 a4 36. Ra7 b5 37. Ra6+ Kc5 38. Nb7+ Kd4 39. Rxe6 a3 40. Ra6 a2 41. e6 Re2 42.
Kf1 Rxe6 43. Rxa2 b4 44. Rd2+ Kc3 45. Rxd5 b3 46. Rb5 b2 47. Nc5 Rf6+ 48. Ke2 Kc2 49.
Ne4 Re6 50. Kf3 b1=Q 51. Rxb1 Kxb1 52. g4 Kc2 53. g5 hxg5 54. Nxg5 Rf6+ 55. Kg4 Re6 56.
h4 Rh6 57. h5 Kd3 58. Nf7 Rh7 59. Ne5+ Ke4 60. Ng6 Kd5 61. Kg5 Kd6 62. h6 Rxh6 63.
Kxh6 1/2-1/2

[Event "*** Titled Tuesday Blitz"]
[Site "Chess.com"]
[Date "2020.10.27"]
[Round "3"]
[White "Grandmaster2B"]
[Black "picturesquecheck"]
[Result "1-0"]
[WhiteElo "2489"]
[BlackElo "2077"]
[TimeControl "180+1"]
[EndTime "10:28:48 PDT"]
[Termination "Grandmaster2B won by resignation"]

1. e4 c5 2. Nf3 Nc6 3. d4 cxd4 4. Nxd4 Nf6 5. Nc3 d6 6. Bg5 e6 7. Qd2 a6 8. O-O-O h6 9. Bh4 Nxe4 10. Bxd8 Nxd2 11.
Nxc6 bxc6 12. Bc7 Nxf1 13. Bxd6 Bxd6 14. Rxd6 Ke7 15. Rxc6 Bd7 16. Rc4 Bb5 17. Rd4 Rhc8 18. Nxb5 axb5 19. Rxf1 Rxa2 20. Rfd1 Ra1+ 21. Kd2 Rxd1+ 22.
Kxd1 Rc5 23. c3 e5 24. Rd3 Ke6 25. Ke2 f5 26. f3 h5 27. Ke3 g6 28. Rd8 b4 29. cxb4 Rb5 30. Kd3 Rxb4 31. Kc3 Rh4 32. h3 e4 33. fxe4 fxe4 34. b4 e3 35. Re8+ Kd5 36.
Rxe3 g5 37. Rd3+ Kc6 38. Rd4 g4 39. hxg4 hxg4 40. g3 Rh1 41. Rxg4 Rc1+ 42. Kb2 Rg1 43. Kb3 Rb1+ 44. Kc4 Rc1+ 45. Kd3 Kb5 46. Rd4 Rg1 47. g4 Rg3+ 48. Ke2 Kb6 49. Kf2 Rc3 50. g5 Rc8 51. Rd5 Rc4 52. b5 Rg4 53. Kf3 Rg1 54. Kf4 Kb7 55. Kf5 Kb6 56. g6 Kb7 57. Kf6 1-0

[Event "*** Titled Tuesday Blitz"]
[Site "Chess.com"]
[Date "2020.10.27"]
[Round "3"]
[White "Alexsur1981"]
[Black "Skat2704"]
[Result "1-0"]
[WhiteElo "2762"]
[BlackElo "2486"]
[TimeControl "180+1"]
[EndTime "10:28:50 PDT"]
[Termination "Alexsur1981 won by resignation"]

1. e4 c6 2. Nc3 d5 3. Qe2 d4 4. Nd1 g6 5. g3 Bg7 6. d3 e5 7. f4 Ne7 8. Nf3 Bg4 9. Bg2 O-O 10.
O-O Nd7 11. Nf2 Bxf3 12. Bxf3 f5 13. Bd2 Qc7 14. Rae1 Rae8 15. Qd1 c5 16. b3 Kh8 17. Bg2 b5 18. Kh1 c4 19. exf5 Nxf5 20. Ne4 a5 21. bxc4 bxc4 22. dxc4 Nc5 23. fxe5 Bxe5 24.
Nxc5 Qxc5 25. Bd5 Ne3 26. Bxe3 Rxf1+ 27. Rxf1 dxe3 28. Qe2 Bg7 29. Kg2 a4 30. Rd1 a3 31.
Rd3 Bh6 32. Rd1 Bg7 33. h4 Rf8 34. Bf3 Re8 35. h5 g5 36. Rd5 Qb4 37. Rxg5 Qb2 38. Bc6 Re7 39. Rb5 Qf6 40. Bf3 Re8 41. Rb3 Qe5 42.
Rxa3 Bh6 43. Ra8 Rxa8 44. Bxa8 Qd4 45. Bf3 Qb2 46. Qd3 Qf6 47. c5 Qe7 48. c6 Qb4 49. c7 1-0

[Event "*** Titled Tuesday Blitz"]
[Site "Chess.com"]
[Date "2020.10.27"]
[Round "3"]
[White "AnishOnYoutube"]
[Black "Oneofmyturns"]
[Result "1-0"]
[WhiteElo "2974"]
[BlackElo "2729"]
[TimeControl "180+1"]
[EndTime "10:28:51 PDT"]
[Termination "AnishOnYoutube won by resignation"]

1. d4 Nf6 2. c4 e6 3. Nf3 d5 4. Nc3 Be7 5. g3 dxc4 6. Bg2 c5 7. O-O Nc6 8. dxc5 Qxd1 9. Rxd1 Bxc5 10. Nd2 O-O 11.
Nxc4 Bd7 12. Bg5 Rfd8 13. Nd6 Bxd6 14. Rxd6 Be8 15. Rad1 Rxd6 16. Rxd6 Rd8 17. Rxd8 Nxd8 18. Bxf6 gxf6 19. Ne4 Kg7 20. Nd6 Bc6 21. Bxc6 bxc6 22.
e4 Kf8 23. Kg2 Ke7 24. Nc4 Nb7 25. Kf3 Nc5 26. Ke3 Na4 27. f4 Nb6 28. Kd4 Kd7 29. b3 Nc8 30. Kc5 Kc7 31. g4 Nb6 32. Kd4 Nd7 33.
e5 fxe5+ 34. fxe5 f6 35. exf6 Nxf6 36. g5 Nd7 37. h4 c5+ 38. Ke4 Kd8 39. Ne5 Nf8 40.
Nc6+ Kc7 41. Nxa7 Kb6 42. Nc8+ Kc7 43. Ne7 Kd7 44. Ng8 Kd6 45. h5 Kd7 46. Ke5 Ke8 47. Nf6+ Kf7 48. a4 Ke7 49. a5 Kd8 50. Kd6 e5 51. Kxe5 Kc7 52. Nxh7 Kc6 53. Nxf8 1-0

[Event "*** Titled Tuesday Blitz"]
[Site "Chess.com"]
[Date "2020.10.27"]
[Round "3"]
[White "totoro9"]
[Black "suyu28"]
[Result "0-1"]
[WhiteElo "2259"]
[BlackElo "2611"]
[TimeControl "180+1"]
[EndTime "10:28:54 PDT"]
[Termination "suyu28 won by checkmate"]

1. e4 c5 2. Nf3 d6 3. d4 cxd4 4. Nxd4 Nf6 5. Nc3 a6 6. Nb3 g6 7. Be3 Bg7 8. f3 O-O 9. Qd2 b5 10. Bh6 Nc6 11. h4 b4 12. Nd5 Nxd5 13. Bxg7 Kxg7 14.
exd5 Ne5 15. h5 g5 16. Qxg5+ Kh8 17. Qd2 a5 18. Nd4 Bd7 19. f4 Ng4 20. Bd3 Qb6 21. Nf5 Qc5 22. O-O-O a4 23. Kb1 b3 24. cxb3 axb3 25. a3 Bxf5 26. Bxf5 Ne3 27. Rc1 Qxd5 28. Qxd5 Nxd5 29. Be4 Ra5 30. Rhd1 Nf6 31. Bf3 d5 32. Rc3 Rb8 33. Rdc1 Kg7 34. g4 h6 35. g5 hxg5 36.
fxg5 Ne4 37. Bxe4 dxe4 38. h6+ Kg6 39. Rc5 Rxc5 40. Rxc5 Rd8 41. Kc1 f6 42. gxf6 exf6 43. Rb5 Rd3 44. Rb6 Kf5 45. h7 Rh3 46. Kd2 Rxh7 47.
Rxb3 Rh2+ 48. Ke1 Kf4 49. Rb5 Ke3 50. Rb3+ Kd4 51. Rb5 e3 52. a4 Kd3 53. Rb3+ Ke4 54.
Rb5 f5 55. a5 f4 56. a6 f3 57. a7 Rh1# 0-1

[Event "*** Titled Tuesday Blitz"]
[Site "Chess.com"]
[Date "2020.10.27"]
[Round "3"]
[White "anon569"]
[Black "PotapovaM"]
[Result "1/2-1/2"]
[WhiteElo "2264"]
[BlackElo "2574"]
[TimeControl "180+1"]
[EndTime "10:28:54 PDT"]
[Termination "Game drawn by agreement"]

1. e4 c5 2. Nf3 d6 3. d4 cxd4 4.
Nxd4 Nf6 5. Nc3 a6 6. Bg5 e6 7. f4 h6 8. Bh4 Qb6 9. a3 Be7 10. Bf2 Qc7 11. Qf3 b5 12. g4 Bb7 13. g5 hxg5 14. fxg5 Nfd7 15. g6 O-O 16. Qh3 Nf6 17.
Bh4 fxg6 18. Nxe6 Qb6 19. Nxf8 Kxf8 20. Bf2 Qc7 21. Bd3 Nc6 22. Rf1 Ne5 23. Bd4 Kf7 24. Nd5 Nxd3+ 25. Qxd3 Bxd5 26. exd5 Re8 27. O-O-O a5 28.
Rg1 g5 29. Rxg5 Kf8 30. Qg6 Bd8 31. Rf1 b4 32. Bxf6 Bxf6 33. Rxf6+ gxf6 34. Qh6+ Ke7 35. Rg7+ Kd8 36. Rxc7 Kxc7 37. Qxf6 Re2 38. Qf7+ Kb6 39. h4 Rh2 40. h5 Rh1+ 41. Kd2 Rh2+ 42. Kd3 bxa3 43. bxa3 a4 44. Qf2+ Rxf2 45. Ke3 Rh2 46. Kf4 Rxh5 47. Ke4 1/2-1/2

[Event "*** Titled Tuesday Blitz"]
[Site "Chess.com"]
[Date "2020.10.27"]
[Round "3"]
[White "Harsha_Bharathakoti"]
[Black "tsaruk_maks"]
[Result "1-0"]
[WhiteElo "2816"]
[BlackElo "2638"]
[TimeControl "180+1"]
[EndTime "10:28:55 PDT"]
[Termination "Harsha_Bharathakoti won by resignation"]

1. c4 Nf6 2. Nc3 e5 3. g3 d5 4.
cxd5 Nxd5 5. Bg2 Nb6 6. d3 Nc6 7. Nh3 Be7 8. f4 O-O 9. O-O f5 10. fxe5 Nxe5 11. Nf4 c6 12. d4 Ng4 13. Qd3 Kh8 14.
Bd2 Bd7 15. Rad1 Qe8 16. Bc1 Rd8 17. h3 Nf6 18. Qc2 Bc8 19. e4 fxe4 20. Nxe4 Nfd5 21.
Nd3 Nd7 22. a3 N7f6 23. Ng5 Qg6 24. Qe2 Bd6 25. Ne5 Bxe5 26. dxe5 Nh5 27. Rxf8+ Rxf8 28. Rd3 h6 29. Ne4 Bxh3 30. Bxh3 Nhf4 31. Bxf4 Nxf4 32. Qe3 Nxh3+ 33. Kh2 Qh5 34. Kg2 Ng5 35. Nxg5 hxg5 36. Rd1 Qg6 37. e6 Re8 38. e7 Qc2+ 39. Rd2 Rxe7 40. Qxg5 Qe4+ 41. Kh2 Kg8 42. Rf2 Rf7 43. Qd8+ Kh7 44. Rxf7 Qe2+ 45. Kg1 Qe3+ 46. Rf2 Qxg3+ 47. Kf1 Qh3+ 48. Ke2 Qg4+ 49. Ke1 Qg1+ 50. Ke2 Qg4+ 51. Kd2 Qg5+ 52. Qxg5 1-0